AoeStats
← Enrique78

Migration

509348701Analyzed
1v1 RM · 6d ago on Sep 26, 2026· 72m 27s· 2 players
Game mode
Random Map
Map size
132×132
Population
200
Speed
Normal
Resources
Standard
Victory
Conquest
Starting age
Dark Age
Ending age
Imperial Age
RankedLock teamsTeams togetherTeam positionsShared explorationLock speedFull tech treeHidden civsTurbo modeCheats
Victory
Defeat
🇩🇪 Vikings · Germany
831
+15
🇫🇷 Wu · France
809
-15
Samyboss1982
0:27 Loom
10:08 Feudal Age
12:17 Double-Bit Axe
13:38 Horse Collar
19:04 Castle Age
18:33 Fletching
20:06 Bodkin Arrow
21:19 Wheelbarrow
22:12 Medium Warships
22:48 Heavy Plow
23:15 Loom
32:59 Imperial Age
32:42 Forging
32:34 Padded Archer Armor
34:48 Chemistry
36:06 Town Watch
37:15 Hand Cart
38:49 Town Patrol
38:57 Bracer
40:02 Ballistics
43:09 Bow Saw
47:28 Leather Archer Armor
48:39 Masonry
51:14 Red Cliffs Tactics
52:08 Elite Fire Archer
55:56 Pikeman
68:38 Coinage
Enrique78
11:57 Feudal Age
15:56 Castle Age
14:12 Double-Bit Axe
15:02 Fletching
18:37 Bow Saw
21:29 Ballistics
23:19 Bodkin Arrow
27:43 Loom
32:23 Imperial Age
32:22 Horse Collar
34:45 Bracer
36:54 Chemistry
37:06 Elite Longship
38:27 Careening
38:30 Clinker Construction
38:38 Gold Mining
44:32 Two-Man Saw
47:30 Scale Barding Armor
47:36 Forging
48:01 Cavalier
49:14 Conscription
49:31 Hoardings
49:00 Murder Holes
49:44 Iron Casting
49:30 Chain Barding Armor
52:46 Blast Furnace
69:26 Light Cavalry
70:31 Siege Engineers
70:37 Masonry
Connection lost

Rejoining the realm…

Still unreachable

The connection could not be restored.

Session expired

The server has moved on; the page needs a fresh start.